Unix NetHack Version 5.0.0-0 post-release - last build Jun 10 2026 00:39:30 (3ee93aec679c4c4259841fe613dc97188e26a321,branch:main).

Game began 2026-06-18 20:51:54, ended 2026-07-06 12:52:57.

Fletchius, chaotic female elven Wizard

                  --- --- ---
                  |%| |(| |(|
                ---|---.---|---
                |...-.-.......|
                ----|.|----|---
                  |>-.|@\...|
                ----|.|----+---
                |...+.+.......|
                ---------------
                  |4| |1| |1|
                  --- --- ---

Fletchius the Sorceress   St:25 Dx:14 Co:16 In:20 Wi:16 Ch:13  Chaotic
Dlvl:33 $:846 HP:104(127) Pw:202(202) AC:-17 Xp:18/2559999 T:25975  Satiated Fly

Latest messages:
 You feel somehow out of place...
 Vlad the Impaler appears next to you!
 Vlad the Impaler hits!
 Vlad the Impaler bites!
 You hit Vlad the Impaler!
 Vlad the Impaler vanishes!
 You sit on the opulent throne.
 You feel somehow out of place...
 You sit on the opulent throne.
 You feel like you need some help.
 You sit on the opulent throne.
 You feel somehow out of place...
 You sit on the opulent throne.
 You feel somehow out of place...
 Vlad the Impaler appears next to you!
 Vlad the Impaler hits!
 Vlad the Impaler bites!
 You hit Vlad the Impaler!
 Vlad the Impaler vanishes!
 You sit on the opulent throne.
 You feel somehow out of place...
 You sit on the opulent throne.
 You feel somehow out of place...
 Vlad the Impaler appears next to you!
 Vlad the Impaler hits!
 Vlad the Impaler bites!
 You avoid harm.
 Vlad the Impaler vanishes!
 You see here a chest.
 Vlad the Impaler appears next to you!
 Vlad the Impaler hits!
 Vlad the Impaler bites!
 You hit Vlad the Impaler!
 Vlad the Impaler vanishes!
 Vlad the Impaler appears next to you!
 Vlad the Impaler hits!
 Vlad the Impaler bites!
 You hit Vlad the Impaler!
 Vlad the Impaler vanishes!
 Hmmm, the chest turns out to be locked.
 Unlock it with your skeleton key? [ynq] (q) y
 Vlad the Impaler appears next to you!
 You stop unlocking the chest.
 Vlad the Impaler hits!
 Vlad the Impaler bites!
 Goodbye level 19.
 The magic-absorbing blade probes Vlad the Impaler!
 Vlad the Impaler vanishes!
 Really quit without saving? [yn] (n) y
 Do you want your possessions identified? [ynq] (y) q

Inventory:
 Coins    ('$')
  $ - 846 gold pieces
 Amulets  ('"')
  q - a cursed amulet of flying (being worn)
  e - a blessed amulet of life saving
  R - the blessed Eye of the Aethiopica
 Weapons  (')')
  v - the blessed rustproof +6 Magicbane (weapon in right hand)
 Armor    ('[')
  a - a cursed thoroughly burnt +0 cornuthaum (being worn)
  c - a cursed rustproof +3 pair of gauntlets of power (being worn)
  m - an uncursed fireproof +1 pair of speed boots (being worn)
  h - a blessed +0 pair of water walking boots
  f - a blessed thoroughly burnt +4 robe (being worn)
  z - a blessed rotproof +2 silver dragon scale mail (being worn)
 Spellbooks  ('+')
  b - an uncursed spellbook of invisibility
 Potions  ('!')
  i - a blessed potion of see invisible
 Rings    ('=')
  I - an uncursed ring of conflict
  W - an uncursed ring of regeneration (on right hand)
  d - an uncursed ring of slow digestion (on left hand)
 Wands    ('/')
  p - a cursed wand of cancellation (0:6)
  w - a wand of lightning (0:8)
  g - a blessed wand of secret door detection (0:13)
  l - a wand of undead turning (0:5)
 Tools    ('(')
  A - a blessed bag of holding containing 90 items
  S - the blessed Bell of Opening (0:3)
  F - an uncursed magic lamp
  D - a blessed magic marker (0:43)
  P - a cursed magic whistle
  Z - a cursed skeleton key
  j - 5 cursed tallow candles
  O - a blessed +0 unicorn horn
 Gems/Stones  ('*')
  n - a blessed luckstone

Contents of the bag of holding:
  20486 gold pieces
  an uncursed amulet of flying
  an uncursed amulet of guarding
  an uncursed amulet of magical breathing
  a cursed amulet of reflection
  an uncursed +0 dwarvish iron helm
  an uncursed +0 helm of telepathy
  an uncursed very burnt +3 pair of leather gloves
  a blessed +2 pair of elven boots
  an uncursed +0 Hawaiian shirt with a bird of paradise motif
  an uncursed C-ration
  2 uncursed food rations
  an uncursed K-ration
  an uncursed sprig of wolfsbane
  an uncursed tripe ration
  an uncursed lizard corpse
  a blessed scroll of blank paper
  2 uncursed scrolls of blank paper
  a blessed scroll of charging
  a cursed scroll of enchant armor
  an uncursed scroll of enchant armor
  a blessed scroll of fire
  an uncursed scroll of identify
  an uncursed scroll of magic mapping
  an uncursed scroll of scare monster
  2 uncursed scrolls of scare monster
  2 uncursed scrolls of teleportation
  an uncursed spellbook of charm monster
  an uncursed spellbook of create monster
  an uncursed spellbook of detect treasure
  an uncursed spellbook of dig
  a blessed spellbook of identify
  an uncursed spellbook of light
  an uncursed spellbook of magic mapping
  an uncursed spellbook of teleport away
  an uncursed spellbook of turn undead
  an uncursed spellbook of wizard lock
  a cursed potion of acid
  an uncursed potion of blindness
  2 uncursed potions of booze
  a cursed potion of enlightenment
  an uncursed potion of extra healing
  an uncursed potion of full healing
  a cursed potion of full healing
  2 blessed potions of healing
  2 uncursed potions of healing
  a cursed potion of healing
  an uncursed potion of levitation
  a cursed potion of object detection
  a cursed potion of oil
  an uncursed potion of oil
  an uncursed potion of sleeping
  2 potions of holy water
  an uncursed potion of water
  a potion of unholy water
  a blessed +1 ring of increase accuracy
  an uncursed ring of invisibility
  an uncursed ring of searching
  an uncursed ring of shock resistance
  an uncursed ring of slow digestion
  a wand of digging (0:8)
  a wand of digging (0:7)
  a wand of digging (0:7)
  a wand of digging (0:5)
  a wand of digging (0:5)
  a wand of digging (0:3)
  a wand of enlightenment (0:11)
  a wand of fire (0:4)
  a wand of light (0:14)
  a wand of lightning (0:0)
  a wand of secret door detection (0:9)
  a wand of speed monster (0:7)
  a wand of stasis (0:0)
  a wand of wishing (1:1)
  a horn of plenty (0:9)
  an uncursed blindfold
  a magic marker (0:19)
  a magic marker (0:13)
  a +0 pick-axe
  an uncursed agate stone
  an uncursed amber stone
  3 uncursed amethyst stones
  an uncursed aquamarine stone
  an uncursed citrine stone
  an uncursed diamond
  2 uncursed emeralds
  2 uncursed jacinth stones
  an uncursed obsidian stone
  2 uncursed rubies
  an uncursed touchstone

Fletchius the Wizard's attributes:

Background:
 You were a Sorceress, a level 18 female elven Wizard.
 You were chaotic, on a mission for Anhur
 who was opposed by Ptah (lawful) and Thoth (neutral).
 You were right-handed.
 You were in Vlad's Tower, on level 33.
 You entered the dungeon 25975 turns ago.
 You had 2559999 experience points, 1 more was needed for level 19.

Basics:
 You had 104 out of 127 hit points.
 You had all 202 energy points (spell power).
 Your armor class was -17.
 Your wallet contained 846 zorkmids, and
 you had 20486 more stashed away in your pack.
 Autopickup was off.

Final Characteristics:
 Your strength was 25 (base:18, innate limit:18).
 Your dexterity was 14 (peak:15, limit:18).
 Your constitution was 16 (limit:16).
 Your intelligence was 20 (limit:20).
 Your wisdom was 16 (limit:20).
 Your charisma was 13 (base:12, limit:18).

Final Status:
 You were flying.
 You were satiated.
 You were unencumbered.
 You were wielding a dagger.
 You had expert skill with dagger.

Final Attributes:
 You were piously aligned.
 You were magic-protected.
 You were fire resistant.
 You were cold resistant.
 You were sleep resistant.
 You were disintegration resistant.
 You were shock resistant.
 You were poison resistant.
 You saw invisible.
 You were telepathic.
 You were warned.
 You were clairvoyant.
 You had infravision.
 You were invisible to others.
 You had teleport control.
 You regenerated.
 You had slower digestion.
 You had a moderate defense bonus (+6).
 You were guarded.
 You took half spell damage.
 Your spell casting was enhanced by wearing a robe.
 You were very fast.
 You had reflection.
 You were lucky.
 You had extra luck.
 Good luck did not time out for you.
 You survived.

Miscellaneous:
 You encountered 4 bones levels.
 Total elapsed playing time was 15 hours, 57 minutes and 6 seconds.

Major events:
 Turn
    1: Fletchius the chaotic female elven Wizard entered the dungeon
  907: attained the rank of Conjurer (level 3)
 4680: entered the Gnomish Mines
 4816: attained the rank of Thaumaturge (level 6)
 4850: reached Mine Town
 5997: found Ogresmasher on the floor
 5997: found Werebane on the floor
 9362: was bestowed with Magicbane by Anhur
 9946: made her first wish - "blessed fixed +2 silver dragon scale mail", got "a silver dragon scale mail"
10189: entered the Bigroom
11791: attained the rank of Magician (level 10)
14264: killed Medusa
16206: performed her first genocide (class L)
17347: attained the rank of Enchantress (level 14)
17434: entered Home 1, the Quest
17516: Neferet the Green has granted access to proceed deeper into the quest
17548: entered Home 2, the Quest
17663: entered Home 3, the Quest
18251: entered Home 4, the Quest
18379: entered Home 5, the Quest
18526: found the Eye of the Aethiopica on the floor
18563: killed the Dark One
18564: acquired the Bell of Opening
19649: acquired the Mines' End luckstone
20971: wished for "2 blessed scrolls of charging", got "2 scrolls labeled PRIRUTSENIE"
21243: entered Sokoban
21289: entered Gehennom
21478: attained the rank of Sorceress (level 18)
22571: killed Juiblex
24049: bribed Baalzebub with 230 zorkmids for safe passage
24405: killed Orcus
25975: quit

Spells:
 Name                 Level Category     Fail Retention
 force bolt             1   attack         0%    (gone)
 detect food            2   divination     0%    (gone)
 identify               3   divination     0%   71%-75%
 healing                1   healing        0%    (gone)
 sleep                  3   enchantment    0%   16%-20%
 stone to flesh         3   healing        0%   21%-30%
 turn undead            6   clerical      97%   26%-50%
 wizard lock            2   matter         0%   51%-60%
 dig                    5   matter        33%   61%-70%
 create monster         2   clerical       0%   51%-75%
 teleport away          6   escape        97%   51%-75%
 magic mapping          5   divination     0%   66%-70%
 charm monster          5   enchantment    0%   71%-75%
 light                  1   divination     0%   71%-75%
 detect treasure        4   divination     0%   76%-80%
 invisibility           4   escape        51%  76%-100%

Skills:
 Fighting Skills
   bare handed combat [Unskilled]
   riding             [Unskilled]
 Weapon Skills
   dagger             [Expert]
   knife              [Unskilled]
   axe                [Unskilled]
   short sword        [Unskilled]
   club               [Unskilled]
   mace               [Unskilled]
   quarterstaff       [Skilled]
   polearms           [Unskilled]
   spear              [Unskilled]
   trident            [Unskilled]
   sling              [Unskilled]
   dart               [Unskilled]
   shuriken           [Unskilled]
 Spellcasting Skills
   attack spells      [Skilled]
   healing spells     [Basic]
   divination spells  [Skilled]
   enchantment spells [Skilled]
   clerical spells    [Unskilled]
   escape spells      [Unskilled]
   matter spells      [Basic]

Voluntary challenges:
 Character rerolling was not enabled.
 You genocided 4 types of monsters.
 You never changed form.
 You used 2 wishes.
 You did not wish for any artifacts.
 You did not violate any of the special Sokoban rules.
Achievements:
 You entered a shop.
 You attained the rank of Conjurer.
 You entered the Gnomish Mines.
 You attained the rank of Thaumaturge.
 You entered Minetown.
 You entered a temple.
 You entered the Big Room.
 You attained the rank of Magician.
 You defeated Medusa.
 You learned the tune to open and close the Castle's drawbridge.
 You attained the rank of Enchantress.
 You had the Bell of Opening.
 You completed the Gnomish Mines.
 You entered Sokoban.
 You entered Gehennom.
 You attained the rank of Sorceress.

 The Dungeons of Doom: levels 1 to 25
    Level 1:
    Level 2:
       A scroll shop, a fountain.
    Level 3:
       A general store, a sink.
    Level 4:
       A weapon shop.
       Stairs down to The Gnomish Mines.
    Level 5:
       Many fountains.
       Oracle of Delphi.
    Level 6:
       A fountain.
       Stairs up to Sokoban, level 5.
    Level 7:
       An altar to Anhur.
    Level 8:
       A grave.
    Level 9:
       An altar to Anhur, a throne.
    Level 10:
       An altar, some fountains.
    Level 11:
       A very big room.
    Level 12:
       Summoned by Neferet the Green.
       Portal to The Quest.
    Level 13:
       A grave.
       Final resting place for
          eestinsv-Pri-Elf-Fem-Cha, killed by a shocking sphere's explosion.
    Level 14:
       A fountain.
    Level 15:
       An armor shop, an altar.
    Level 16:
       An altar to Anhur, some fountains.
    Level 17:
       A primitive area.
    Level 18:
       Some sinks.
    Level 19:
       Some shops, a fountain, a grave.
    Level 20:
       A fountain, a sink.
    Level 21:
       Many trees.
    Level 22:
       A temple and an altar, a fountain, a grave.
    Level 23:
    Level 24:
       A grave.
       Final resting place for
          MrSpike-Mon-Hum-Fem-Neu, killed by a winged gargoyle.
    Level 25:
       A fountain.
       The castle (play notes "GDDCB" to open or close drawbridge).
 Gehennom: levels 26 to 48
    Level 26:
       A temple and an altar, many graves.
       Valley of the Dead.
    Level 27:
    Level 28:
    Level 29:
    Level 30:
       A fountain.
    Level 31:
    Level 32:
    Level 33:
    Level 34:
    Level 35:
    Level 36:
       Stairs up to Vlad's Tower, level 35.
    Level 37:
    Level 38:
    Level 39:
    Level 40:
       Some shops, an altar, a grave.
    Level 41:
    Level 42:
    Level 43:
    Level 44:
    Level 45:
    Level 46:
    Level 47:
    Level 48:
       Gateway to Moloch's Sanctum.
 The Gnomish Mines: levels 5 to 13
    Level 5:
       A grave.
       Final resting place for
          nmlkj-Wiz-Hum-Mal-Cha, killed by a bolt of fire zapped by a dwarf.
    Level 6:
    Level 7:
    Level 8:
       Many shops, a temple and an altar, many fountains.
    Level 9:
       A grave.
       Final resting place for
          LDaviesPeters-Arc-Hum-Fem-Neu, killed by a white unicorn.
    Level 10:
    Level 11:
    Level 12:
    Level 13:
       Some fountains.
 The Quest: levels 1 to 5
    Level 1:
       Completed quest for Neferet the Green.
    Level 2:
    Level 3:
    Level 4:
    Level 5:
       A temple and an altar.
 Sokoban:
    Level 5:
       Unsolved.
 Vlad's Tower: levels 35 up to 33
    Level 33: <- You were here.
       A throne.
    Level 34:
    Level 35:


Vanquished creatures:
    Orcus
    Juiblex
 an erinys
    Medusa
  a kraken
  a storm giant
  2 balrogs
  2 gold dragons
  a silver dragon
  6 red dragons
  a white dragon
 an orange dragon
  a black dragon
  3 blue dragons
  8 minotaurs
the Dark One
  2 stone golems
 an Olog-hai
  a Nazgul
  3 pit fiends
  2 hell hounds
  2 titanotheres
  a trapper
  2 baby red dragons
  a baby white dragon
  a guardian naga
  a genetic engineer
  2 disenchanters
 20 vampire leaders
  5 skeletons
  2 captains
  a shade
  4 liches
  3 nurses
  5 nalfeshnees
  3 lurkers above
  3 ettins
 12 vampires
  4 lieutenants
 30 ghosts
  a queen bee
  4 winged gargoyles
  a mind flayer
  4 giant mimics
  3 long worms
  2 zruties
 an ogre tyrant
  2 rock trolls
  6 umber hulks
  a flesh golem
  6 hezrous
  8 bone devils
  3 large mimics
  2 wumpuses
  2 fire vortices
  6 stalkers
 an air elemental
  3 fire elementals
  3 earth elementals
  3 water elementals
  2 giant mummies
  4 black nagas
 11 xorns
 10 giant zombies
  6 sergeants
  a barbed devil
 10 vrocks
  a salamander
  6 wargs
  2 winter wolves
  4 hell hound pups
 12 small mimics
  a glass piercer
  4 warhorses
  3 steam vortices
  6 xans
  4 ettin mummies
 an ogre leader
  2 quantum mechanics
  8 trolls
  2 wood golems
  8 mariliths
  2 sharks
  5 gelatinous cubes
  5 pyrolisks
  2 large dogs
  a freezing sphere
 11 flaming spheres
  2 shocking spheres
  4 large cats
  2 tigers
  4 gargoyles
 12 tengu
  3 ochre jellies
  4 leocrottas
 an energy vortex
  3 mountain centaurs
  6 stone giants
  6 elf mummies
  5 human mummies
  4 red nagas
  a python
  a pit viper
  2 cobras
 35 wraiths
 14 ettin zombies
  4 leather golems
  a Grey-elf
 46 soldiers
  7 amorous demons
  3 horned devils
  5 chameleons
  2 crocodiles
  6 giant beetles
  3 quivering blobs
  8 cockatrices
  3 wolves
  2 lynxes
  3 spotted jellies
 10 leprechauns
 an orc-captain
  3 iron piercers
  a mumak
 10 giant spiders
  7 scorpions
  2 horses
 an ice vortex
  5 black lights
 40 vampire bats
  4 forest centaurs
  3 gnome rulers
  4 orc mummies
  2 dwarf mummies
  4 brown puddings
 10 rust monsters
  3 owlbears
  4 yetis
  2 werewolves
  a Green-elf
  a giant eel
  9 lizards
  4 chickatrices
  2 dingoes
  a housecat
  6 jaguars
  5 dwarf leaders
  4 blue jellies
  3 white unicorns
  2 gray unicorns
  3 dust vortices
 33 ravens
  a plains centaur
  2 gnome mummies
  3 snakes
  6 apes
 12 human zombies
  a Woodland-elf
 10 soldier ants
  2 fire ants
  3 bugbears
  3 imps
  a lemure
  7 quasits
  3 wood nymphs
 10 Mordor orcs
 11 Uruk-hai
  4 orc shamans
  5 rock piercers
  4 rock moles
  2 ponies
  a fog cloud
  6 yellow lights
  3 shriekers
  4 violet fungi
 21 gnome leaders
  6 gnomish wizards
  3 kobold mummies
  2 red naga hatchlings
  a black naga hatchling
  a golden naga hatchling
  a guardian naga hatchling
  6 gray oozes
  a barrow wight
 21 elf zombies
  8 ghouls
  2 paper golems
  6 giant ants
  a little dog
  7 floating eyes
  a kitten
 22 dwarves
  6 homunculi
  2 kobold leaders
  3 kobold shamans
 23 hill orcs
 15 rothes
  3 rabid rats
  a centipede
 12 giant bats
  3 monkeys
  9 orc zombies
 10 dwarf zombies
  a wererat
  a werejackal
  9 iguanas
 41 killer bees
  4 acid blobs
  2 coyotes
  3 gas spores
  a hobbit
 16 manes
  a large kobold
 18 hobgoblins
 13 giant rats
 12 cave spiders
  4 yellow molds
  a green mold
  3 red molds
 65 gnomes
 11 garter snakes
  9 gnome zombies
  9 geckos
  6 jackals
  4 foxes
  2 kobolds
  5 goblins
  2 sewer rats
  a grid bug
 12 bats
  8 lichens
  8 kobold zombies
  8 newts
1312 creatures vanquished.

Genocided species:
 arch-liches
 master liches
 demiliches
 liches
4 species genocided.

Goodbye Fletchius the Wizard...

You quit in Vlad's Tower on dungeon level 33 with 566136 points,
and 21332 pieces of gold, after 25975 moves.
You were level 18 with a maximum of 127 hit points when you quit.

